AoeStats
← A Bá

Black Forest

509099877Analyzed
4v4 RM · 8d ago on Sep 25, 2026· 46m 34s· 8 players
Game mode
Random Map
Map size
Large (8 player)
Population
200
Speed
Normal
Resources
Standard
Victory
Conquest
Starting age
Dark Age
Ending age
Imperial Age
RankedLock teamsTeams togetherTeam positionsShared explorationLock speedFull tech treeHidden civsTurbo modeCheats
Victory
Defeat
1155
+18
1143
+19
🇨🇳 Goths · China
1125
+19
🇺🇸 Saxons · United States
1095
+20
🇦🇺 Danes · Australia
1204
-19
🇨🇴 Bohemians · Colombia
1200
-19
🇻🇳 Britons · Vietnam
1198
-19
🇨🇳 Teutons · China
1198
-19
A Bá
2:30 Loom
11:03 Feudal Age
11:49 Double-Bit Axe
15:22 Castle Age
14:05 Gold Mining
17:48 Wheelbarrow
17:51 Bow Saw
18:04 Stone Mining
18:46 Gold Mining
22:44 Horse Collar
24:09 Fervor
24:14 Fishing Lines
25:14 Hand Cart
26:21 Gillnets
30:18 Imperial Age
28:04 Heavy Plow
29:05 Town Watch
30:22 Gold Shaft Mining
29:56 Devotion
29:52 Hamask
31:05 Town Patrol
30:28 Onager
31:25 Caravan
32:31 Conscription
31:36 Hamask
32:35 Squires
32:21 Arson
32:12 Siege Onager
33:36 Coinage
33:21 Heavy Scorpion
34:38 Ballistics
36:20 Chemistry
35:31 Masonry
36:37 Banking
37:09 Siege Engineers
38:50 Elite Jomsviking
40:00 Scale Mail Armor
40:10 Forging
41:31 Capped Ram
42:23 Northmen's Fury
43:40 Masonry
44:14 Chain Mail Armor
44:34 Iron Casting
45:07 Arrowslits
Súc Vật Du Phong
0:31 Loom
11:30 Feudal Age
12:52 Double-Bit Axe
15:26 Castle Age
14:42 Stone Mining
14:33 Horse Collar
14:44 Gold Mining
21:58 Bow Saw
25:51 Heavy Plow
27:20 Wheelbarrow
30:13 Imperial Age
27:55 Fletching
28:05 Padded Archer Armor
28:56 Hand Cart
28:46 Bodkin Arrow
28:50 Treadmill Crane
29:55 Fortified Wall
30:15 Leather Archer Armor
30:13 Masonry
30:47 Ballistics
31:42 Conscription
31:48 Conscription
32:12 Yeomen
32:42 Bracer
33:12 Ring Archer Armor
33:48 Chemistry
33:59 Gold Shaft Mining
33:50 Forging
33:46 Scale Barding Armor
34:15 Elite Longbowman
38:10 Husbandry
37:31 Light Cavalry
39:54 Warwolf
42:15 Iron Casting
42:01 Chain Barding Armor
ouujkj
0:58 Loom
11:58 Feudal Age
16:37 Castle Age
15:03 Double-Bit Axe
15:16 Horse Collar
18:38 Bow Saw
20:29 Wheelbarrow
30:45 Imperial Age
28:09 Fletching
28:55 Gold Mining
29:28 Stone Mining
29:01 Pikeman
29:42 Squires
29:44 Scale Mail Armor
32:42 Bodkin Arrow
32:57 Forging
34:13 Scale Barding Armor
36:27 Caravan
37:07 Masonry
37:19 Ballistics
37:44 Chain Mail Armor
37:30 Padded Archer Armor
38:16 Halberdier
39:28 Plate Mail Armor
39:40 Cavalier
40:31 Bloodlines
43:01 Hand Cart
42:31 Town Watch
DCB
8:47 Loom
11:17 Feudal Age
12:27 Double-Bit Axe
15:11 Castle Age
13:14 Horse Collar
23:19 Wheelbarrow
24:27 Chemistry
28:23 Imperial Age
26:36 Bow Saw
26:30 Heavy Plow
29:13 Hand Cart
30:47 Two-Man Saw
35:42 Ballistics
35:28 Siege Engineers
35:20 Murder Holes
36:00 Elite Skirmisher
36:01 Crossbowman
39:29 Fervor
39:41 Sanctity
39:31 Redemption
39:27 Man-at-Arms
39:28 Pikeman
40:08 Squires
39:53 Arson
40:00 Arbalester
42:29 Conscription
42:54 Hand Cart
42:28 Town Watch
42:54 Padded Archer Armor
42:46 Fletching
嗷呜一口吃掉
1:25 Loom
12:09 Feudal Age
17:26 Castle Age
17:12 Double-Bit Axe
17:26 Horse Collar
28:39 Heavy Plow
29:44 Bow Saw
33:15 Elite Skirmisher
34:00 Padded Archer Armor
33:50 Fletching
33:56 Town Watch
37:23 Leather Archer Armor
37:04 Bodkin Arrow
46:50 Imperial Age
メルフィー·ラビィ
9:50 Feudal Age
13:46 Castle Age
12:03 Double-Bit Axe
12:20 Horse Collar
15:36 Bow Saw
22:07 Wheelbarrow
22:16 Loom
23:01 Heavy Plow
25:09 Loom
29:22 Imperial Age
27:26 Padded Archer Armor
27:17 Fletching
27:51 Hand Cart
27:37 Gold Mining
27:37 Stone Mining
28:30 Ballistics
28:27 Leather Archer Armor
28:39 Bodkin Arrow
30:02 Stone Shaft Mining
31:08 Chemistry
30:32 Conscription
30:46 Pirotechnia
32:49 Two-Man Saw
33:03 Ring Archer Armor
32:34 Bracer
33:14 Forging
33:21 Squires
34:11 Crop Rotation
34:45 Scale Mail Armor
35:26 Iron Casting
36:16 Thumb Ring
36:54 Loom
37:43 Chain Mail Armor
39:36 Blast Furnace
39:08 Plate Mail Armor
40:35 Silk Road
41:25 Bombard Tower
40:45 Treadmill Crane
41:28 Arson
42:34 Coinage
42:15 Guilds
42:08 Caravan
エドワフラン・スカー
10:39 Feudal Age
14:39 Castle Age
14:32 Double-Bit Axe
14:28 Horse Collar
17:59 Fervor
21:43 Wheelbarrow
22:54 Hand Cart
23:16 Bow Saw
23:10 Heavy Plow
29:37 Imperial Age
27:48 Pikeman
28:28 Squires
28:39 Forging
28:19 Fletching
28:30 Padded Archer Armor
28:36 Scale Barding Armor
28:52 Ballistics
29:33 Chemistry
28:55 Ballistics
28:52 Scale Mail Armor
28:44 Arson
30:11 Iron Casting
31:32 Two-Man Saw
30:29 Bodkin Arrow
30:49 Leather Archer Armor
30:46 Guilds
30:03 Halberdier
32:00 Blast Furnace
31:30 Conscription
31:15 Hussite Reforms
31:21 Wagenburg Tactics
31:32 Bracer
31:51 Chain Mail Armor
32:12 Siege Engineers
32:40 Ring Archer Armor
33:41 Masonry
34:04 Bombard Tower
34:20 Plate Mail Armor
33:38 Capped Ram
34:25 Houfnice
35:55 Architecture
35:29 Elite Hussite Wagon
39:41 Coinage
40:52 Sappers
42:26 Banking
41:57 Caravan
Natsuki Shinohara
5:41 Loom
11:54 Feudal Age
15:50 Castle Age
14:37 Double-Bit Axe
17:02 Wheelbarrow
17:03 Bow Saw
22:05 Fishing Lines
23:08 Horse Collar
25:00 Gillnets
26:06 Gold Mining
26:08 Stone Mining
27:25 Hand Cart
30:28 Imperial Age
27:45 Town Watch
28:44 Gold Shaft Mining
30:57 Treadmill Crane
32:17 Chemistry
31:36 Forging
31:26 Scale Mail Armor
30:50 Elite Varangian Guard
31:17 Gambesons
31:32 Squires
31:17 Arson
33:29 Chain Mail Armor
34:07 Iron Casting
34:23 Conscription
33:31 Shield Wall
36:14 Plate Mail Armor
36:19 Elite Hearth Troop
41:38 Capped Ram
42:39 Siege Ram
Connection lost

Rejoining the realm…

Still unreachable

The connection could not be restored.

Session expired

The server has moved on; the page needs a fresh start.